 Dungeon Crawl Stone Soup version 0.30.1-11-g7821555f0a (webtiles) character file.

Game seed: 8352442234963388627

75 Janerl the Chopper (level 4, -1/61 HPs)
             Began as a Hill Orc Berserker on Nov 14, 2023.
             Was a Believer of Trog.
             Slain by Terence
             ... wielding a +0 trident
              (2 damage)
             ... on level 3 of the Dungeon.
             The game lasted 00:05:41 (1550 turns).

Janerl the Chopper (Hill Orc Berserker)             Turns: 1550, Time: 00:05:43

Health: -1/61      AC: 22    Str: 19    XL:     4   Next: 31%
Magic:  4/4        EV:  2    Int:  9    God:    Trog [**....]
Gold:   89         SH:  0    Dex: 10    Spells: 3/3 levels left

rFire   . . .        a - +0 hand axe
rCold   . . .        (no shield)
rNeg    . . .        g - melded +0 scale mail {rC+}
rPois   +            (helmet currently unavailable)
rElec   .            (cloak currently unavailable)
rCorr   .            (gloves currently unavailable)
SInv    .            (boots currently unavailable)
Will    .....        (no amulet)
Stlth   +            (no ring)
HPRegen 0.30/turn    (no ring)
MPRegen 0.09/turn

%: no passive effects
@: lethally poisoned (-1 -> -1), tree-form
A: stationary, stasis, torment immunity, boosted hp
a: Renounce Religion, Berserk, Trog's Hand


You were on level 3 of the Dungeon.
You worshipped Trog.
Trog was pleased with you.
You were a tree.
You visited 1 branch of the dungeon, and saw 3 of its levels.

You collected 89 gold pieces.

Inventory:

Hand Weapons
 a - a +0 hand axe (weapon)
 p - a +2 dagger of venom
Armour
 b - a +0 animal skin
 e - a +0 helmet
 g - a +0 scale mail of cold resistance (melded)
Scrolls
 c - 2 scrolls of identify {unknown}
 d - 2 scrolls of fear {unknown}
 h - a scroll of acquirement {unknown}
 j - a scroll of poison {unknown}
 l - a scroll of amnesia {unknown}
 o - a scroll of teleportation {unknown}
Potions
 f - 2 potions of degeneration {unknown}
 i - 2 potions of curing {unknown}
 k - 2 potions of lignification
 m - 2 potions of attraction {unknown}
 n - a potion of brilliance {unknown}


   Skills:
 + Level 4.4 Fighting
 + Level 5.3 Axes
 + Level 2.7 Armour
 + Level 2.0 Dodging


You had 3 spell levels left.
You didn't know any spells.
Your spell library was empty.

Dungeon Overview and Level Annotations

Branches:
Dungeon (3/15)

Altars:

Annotations:
D:3 Terence


Message History

You feel less resistant to cold.
Your roots penetrate the ground.
The adder bites you but does no damage.
You miss the adder.
The adder bites you but does no damage. x2
You closely miss the adder. The adder bites you.
* * * LOW HITPOINT WARNING * * *
You hit the adder.
The adder is heavily wounded.
The adder bites you but does no damage.
You hit the adder.
The adder is almost dead.
The adder bites you.
* * * LOW HITPOINT WARNING * * *
The adder barely misses you.
You closely miss the adder.
The adder is severely wounded.
The adder bites you but does no damage.
You miss the adder.
The adder is severely wounded.
The adder bites you but does no damage.
You hit the adder but do no damage.
The adder is severely wounded.
The adder bites you.
* * * LOW HITPOINT WARNING * * *
You are poisoned.
The adder poisons you!
You miss the adder.
The adder is severely wounded.
* * * LOW HITPOINT WARNING * * *
You feel sick.
The adder bites you but does no damage. x2
You closely miss the adder.
The adder is severely wounded.
* * * LOW HITPOINT WARNING * * *
You feel sick. The adder bites you but does no damage.
You miss the adder.
The adder is severely wounded.
* * * LOW HITPOINT WARNING * * *
You feel sick. The adder bites you but does no damage.
Terence asks, "Do you want it fast or slow?"
Terence hits you from afar with a +0 trident.
You die...

#..(.<....
#....!...
#.......# # #
#.......##. .
.###......... ...
..........#
....###.#.##...#
..........##♣# #
###....##S##....
#...#...rS@..#
#.###...[.<......
##.#
#........####
####..#
####..####
#....## #....
#.#### ##.### #.#
#.#


You could see Terence, an adder, a quokka and a ball python.

Vanquished Creatures
  3 adders (D:2)
  A dart slug (D:2)
  6 endoplasms
  2 giant cockroaches (D:1)
  6 goblins
  5 hobgoblins
  2 jackals (D:1)
  4 quokkas
  3 ball pythons
  A bat (D:2)
  8 frilled lizards (D:1)
  2 kobolds (D:2)
  2 rats
45 creatures vanquished.

Notes
Turn   | Place    | Note
-------+----------+-------------------------------------------
     0 | D:1      | Janerl the Hill Orc Berserker began the quest for the Orb.
     0 | D:1      | Reached XP level 1. HP: 19/19 MP: 1/1
    74 | D:1      | Reached XP level 2. HP: 21/27 MP: 2/2
   493 | D:1      | Reached ** piety under Trog
   617 | D:1      | Reached XP level 3. HP: 33/33 MP: 3/3
   650 | D:1      | Found a faded altar of an unknown god.
   857 | D:2      | Reached skill level 5 in Axes
   948 | D:2      | Reached XP level 4. HP: 37/41 MP: 4/4
  1484 | D:3      | Noticed Terence
  1506 | D:3      | HP: 2/41 [Terence/+0 trident (1)]
  1514 | D:3      | HP: 2/41 [goblin/+0 dagger (2)]
  1532 | D:3      | Found the +3 robe of Clouds {*Thunder rCloud rElec}
  1548 | D:3      | HP: 3/61 [poisoned by an adder]
  1550 | D:3      | HP: 1/61 [poisoned by an adder]
  1550 | D:3      | Slain by Terence

Illustrated notes

Levels and vault maps discovered:
D:1:      dpeg_arrival_rooms_b, layout_rooms,
          shapermc_ecumenical_altar_mp_vishouse, serial_glass, glass_columns_a,
          glass_columns_a, fountainhead, minmay_lizard_pond
D:2:      layout_loops_cross, serial_bayou, serial_bayou_crossing,
          serial_bayou_pond_a, serial_bayou_pond_b, serial_bayou_lagoon_a
D:3:      layout_rooms, mainiacjoe_overflow_small_starburst, uniq_terence,
          uniq_grinder

Skill      XL: |  1  2  3  4 |
---------------+-------------+-----
Fighting       | 4 |  4.4
Axes           | 5 |  5.3
Dodging        | 2 |  2.0
Armour         | |  2.7

Action                     |  1- 3 |  4- 6 || total
---------------------------+-------+-------++-------
  Melee: Hand axe          |   140 |    56 ||   196
         Punch             |     2 |       ||     2
    Use: Potion            |       |     1 ||     1
 Armour: Animal skin       |     5 |       ||     5
         Scale mail        |    40 |    19 ||    59
         Skin              |       |    10 ||    10
  Dodge: Dodged            |    87 |    33 ||   120
